 Dungeon Crawl Stone Soup version 0.28.0 (webtiles) character file.

Game seed: 17923358379003790389

271906 RighteousDevil the Wrestler (level 19, -7/239 HPs)
             Began as a Troll Monk on Feb 18, 2022.
             Was the Champion of Jiyva.
             Mangled by a spark wasp (23 damage)
             ... on level 4 of the Depths.
             The game lasted 01:24:07 (31244 turns).

RighteousDevil the Wrestler (Troll Monk)           Turns: 31244, Time: 01:24:08

Health: -7/239     AC: 18    Str: 24    XL:     19   Next: 46%
Magic:  27/27      EV: 20    Int: 14    God:    Jiyva [******]
Gold:   2296       SH:  0    Dex: 25    Spells: 28/30 levels left

rFire   + . .      SeeInvis .     - Unarmed
rCold   + + .      Faith    .   (no shield)
rNeg    . . .      Spirit   .   g - +3 acid dragon scales
rPois   +          Reflect  .   n - +2 hat
rElec   +          Harm     .   U - +2 cloak {rPois}
rCorr   +          Rampage  .   (gloves unavailable)
Will    ++...                   (boots unavailable)
Stlth   +.........              d - amulet of the acrobat
HPRegen 2.89/turn               S - ring "Lofivuf" {Ice Dex+7}
MPRegen 0.70/turn               u - ring of Ascent {rF+ Int+6}

@: mighty, resistant, glowing, studying Evocations, silenced
A: large, unfitting armour, claws 3, regeneration 1, shaggy fur 1, tough skin 1,
fangs 2, talons 1, clever 1, strong-willed 1, robust 3, tendrils
}: 2/15 runes: barnacled, slimy
a: Renounce Religion


You were on level 4 of the Depths.
You worshipped Jiyva.
Jiyva was exalted by your worship.
You visited 8 branches of the dungeon, and saw 38 of its levels.
You visited 1 ziggurat, and saw 3 of its levels.
You also visited: Ice Cave.

You collected 3349 gold pieces.
You spent 1053 gold pieces at shops.

Inventory:

Hand Weapons
 b - a +3 morningstar of flaming
 P - a +4 vampiric lajatang
Missiles
 m - 11 silver javelins
 E - 10 throwing nets
Armour
 g - +3 acid dragon scales (worn)
 n - a +2 hat (worn)
 D - +0 ice dragon scales
 U - a +2 cloak of poison resistance (worn)
Jewellery
 a - a ring of protection from fire
 d - an amulet of the acrobat (around neck)
 u - the ring of Ascent (right claw) {rF+ Int+6}
   (You took it off a frost giant on level 2 of the Depths)

   [ring of protection from fire]

   Int:       It affects your intelligence (+6).
   rF:        It protects you from fire.
 N - a ring of willpower
 S - the ring "Lofivuf" (left claw) {Ice Dex+7}
   (You found it in an ice cave)

   [ring of ice]

   It enhances your ice magic.
   Dex:       It affects your dexterity (+7).
   rF:        It makes you vulnerable to fire.
   rC:        It protects you from cold.
 Z - the ring of the Mage {Wiz Archmagi}
   (You found it on level 5 of the Pits of Slime)

   [ring of wizardry]

   It improves your spell success rate.
   Archmagi:  It increases the power of your magical spells.
Wands
 h - a wand of acid (20)
 i - a wand of digging (14)
 k - a wand of mindburst (2)
 o - a wand of flame (14)
 w - a wand of polymorph (25)
 x - a wand of paralysis (15) (quivered)
 B - a wand of iceblast (2)
 Y - a wand of charming (2)
Scrolls
 f - 4 scrolls of teleportation
 q - a scroll of torment
 r - 10 scrolls of identify
 t - a scroll of fear
 y - 3 scrolls of amnesia
 C - 4 scrolls of vulnerability
 J - a scroll of blinking
 T - a scroll of holy word
Potions
 c - 2 potions of resistance
 e - 3 potions of flight
 j - 6 potions of attraction
 l - a potion of might
 p - 4 potions of lignification
 s - 3 potions of brilliance
 v - 2 potions of mutation
 z - 2 potions of curing
 F - 3 potions of magic
 G - 2 potions of ambrosia
 K - 2 potions of berserk rage
 M - a potion of cancellation
 R - 2 potions of haste
Miscellaneous
 A - a condenser vane (inert)
 Q - a phantom mirror (inert)


   Skills:
 + Level 10.5 Fighting
 - Level 6.2 Maces & Flails
 + Level 8.0 Armour
 - Level 13.0 Dodging
 - Level 1.0 Stealth
 + Level 22.0 Unarmed Combat
 - Level 6.3 Spellcasting
 - Level 7.6 Translocations
 - Level 12.0 Evocations


You had 28 spell levels left.
You knew the following spells:

 Your Spells              Type           Power      Damage    Failure   Level
a - Blink                 Tloc           50%        N/A       1%          2

Your spell library contained the following spells:

 Spells                   Type           Power      Damage    Failure   Level
 Lesser Beckoning         Tloc           25%        N/A       2%          3
 Passage of Golubria      Tloc           25%        N/A       8%          4
 Shock                    Conj/Air       16%        1d4       19%         1
 Sting                    Tmut/Pois      16%        1d3       19%         1
 Manifold Assault         Tloc           25%        N/A       22%         5
 Ensorcelled Hibernation  Hex/Ice        12%        N/A       28%         2
 Passwall                 Tmut/Erth      3%         N/A       28%         2
 Poisonous Vapours        Pois/Air       8%         N/A       28%         2
 Confusing Touch          Hex            4%         N/A       50%         3
 Conjure Flame            Conj/Fire      4%         6-21      50%         3
 Ignite Poison            Fire/Tmut/Pois 4%         N/A       50%         3
 Stone Arrow              Conj/Erth      8%         3d7       50%         3
 Swiftness                Air            4%         N/A       50%         3
 Airstrike                Air            2%         N/A       88%         4
 Animate Armour           Summ/Erth      8%         N/A       88%         4
 Animate Dead             Necr           2%         N/A       88%         4
 Cause Fear               Hex            2%         N/A       88%         4
 Olgreb's Toxic Radiance  Pois           4%         N/A       88%         4
 Petrify                  Tmut/Erth      4%         N/A       88%         4
 Sticky Flame             Conj/Fire      4%         2d3       88%         4
 Metabolic Englaciation   Hex/Ice        3%         N/A       99%         5
 Silence                  Hex/Air        2%         N/A       99%         5
 Yara's Violent Unravell  Hex/Tmut       2%         3d3       99%         5
 Statue Form              Tmut/Erth      2%         N/A       100%        6
 Dragon Form              Tmut           2%         N/A       100%        7
 Enfeeble                 Hex            2%         N/A       100%        7
 Haunt                    Necr/Summ      2%         N/A       100%        7
 Borgnjor's Revivificati  Necr           2%         N/A       100%        8
 Infestation              Necr           2%         N/A       100%        8
 Lehudib's Crystal Spear  Conj/Erth      2%         10d2      100%        8
 Necromutation            Tmut/Necr      2%         N/A       100%        8
 Death's Door             Necr           2%         N/A       100%        9
 Dragon's Call            Summ           2%         N/A       100%        9


Dungeon Overview and Level Annotations

Branches:
Dungeon (15/15)            Temple (0/1) D:7            Lair (6/6) D:10
 Shoals (4/4) Lair:4       Spider (1/4) Lair:3        Slime (5/5) Lair:6
    Orc (2/2) D:10            Elf (0/3) Orc:2        Vaults (1/5) D:13
 Depths (3/4) D:15          IceCv (visited)

Altars:
Elyvilon
Kikubaaqudgha
Qazlal
Ru
Trog
Vehumet
Xom
Zin
Beogh
Jiyva

Shops:
D:6 (   D:7 *   Orc:1 :   Orc:2 ([:!   Shoals:1 (   Shoals:4 [   Depths:1 **
Depths:2 [

Portals:
Hell: Depths:1 Depths:2
Abyss: Depths:3
Pandemonium: Depths:2

Annotations:
D:2 1 runed translucent door, Crazy Yiuf
Lair:4 2 transporters, Lutiheq's ghost, journeyman DrTm
Lair:6 3 runed translucent doors, Beepinex's ghost, journeyman DsBe
Spider:1 Donald; Louise
Slime:5 Royal Jelly
Depths:1 1 transporter, xzight's ghost, legendary MiBe
Depths:4 Boris; Mennas; Saint Roka


Innate Abilities, Weirdness & Mutations

You are too large for most types of armour.
You have claws for hands.
Your natural rate of healing is unusually fast.
You are covered in fur. (AC +1)
You have tough skin. (AC +1)
You have extremely sharp teeth.
You have sharp toenails.
Your mind is acute. (Int +2)
You are strong-willed. (Will+)
You are extremely robust. (+30% HP)
You are covered in slimy tendrils that may disarm your opponents.


Message History

* * * LOW HITPOINT WARNING * * *
Mennas hits Mennas with a +5 trishula of holy wrath!
Mennas completely misses Mennas.
Unknown command.
Unknown command.
An ogre comes into view. It is wielding a +0 giant spiked club.
Mennas blocks Mennas's attack. x2
Mennas hits Mennas with a +5 trishula of holy wrath!
Mennas blocks Mennas's attack.
The deep troll earth mage closely misses Mennas.
The deep troll earth mage barely misses Mennas.
Mennas blocks the deep troll earth mage's attack.
Unknown command.
Unknown command.
Unknown command.
You feel better.
Mennas hits the deep troll earth mage with a +5 trishula of holy wrath!!
Mennas hits the deep troll earth mage with a +5 trishula of holy wrath.
The spark wasp bursts into living lightning!
The living lightning hits the spark wasp.
The spark wasp completely resists.
The living lightning hits you!!
* * * LOW HITPOINT WARNING * * *
The spark wasp blinks!
Mennas completely misses Mennas.
Mennas blocks Mennas's attack.
An orc warrior comes into view. It is wielding a +0 short sword.
The spark wasp stings you.
* * * LOW HITPOINT WARNING * * *
The spark wasp shocks you!
* * * LOW HITPOINT WARNING * * *
Mennas closely misses the deep troll earth mage.
Mennas hits the deep troll earth mage with a +5 trishula of holy wrath!
Mennas hits Mennas with a +5 trishula of holy wrath!!
Mennas completely misses Mennas.
The deep troll earth mage misses Mennas.
Mennas blocks the deep troll earth mage's attack.
The deep troll earth mage claws Mennas but does no damage.
Unknown command.
You feel protected. The spark wasp stings you!!
You die...

#.####.§.## #
#T........#..########
#.o...........yT....#
o..§.§......######.##
#§.##.........○.##†#
o...h......o.T°○°°.##
#..###.y##o#.TTy#.d. #..
#y...#.#.#.##y#
##.#..###@y[#...#y#.#.#
........#y)#.....#^#y.#
###.#A.#.≈≈≈.#.y#T##
####.'.TAT#≈...≈#yTTyy#
#°..##.#o.#≈T_T≈#.##T#.#
#...d☼☼##..#..#≈...≈#.#..
#.#
...°☼###..##T.#.≈≈≈.#..#
## ...d
#....##..#...o.#.# .⌠.
####....#.#...#.##


You could see Mennas (silencing), an iron troll, 4 spark wasps, a deep troll, a
deep troll earth mage (ally target), 2 orc warriors, an orc wizard and the
friendly Mennas (summoned, silencing, drained).

Vanquished Creatures
  Sojobo (Depths:2)
  A walking earthen tome (Depths:2)
  A tentacled monstrosity (Depths:2)
  A walking divine tome (Depths:2)
  A lich (Depths:2)
  5 krakens
  3 acid blobs
  3 tengu reavers (Depths:2)
  A storm dragon (Depths:2)
  An azure jelly (Slime:1)
  2 rockslimes
  2 vault wardens (Vaults:1)
  3 frost giants (Depths:2)
  2 fire giants
  A quicksilver ooze (Lair:6)
  19 very ugly things
  A spriggan defender (Depths:2)
  2 ironbound preservers (Vaults:1)
  3 stone giants
  3 vampire knights
  A green draconian (Depths:4)
  Nessos (Lair:4)
  5 dire elephants
  A white draconian (IceCv)
  An entropy weaver (Lair:3)
  Azrael (Orc:2)
  3 spark wasps (Depths:1)
  4 ettins
  A deep elf death mage (Vaults:1)
  A merfolk javelineer (Shoals:1)
  11 merfolk impalers
  A yaktaur captain (Vaults:1)
  A great orb of eyes (Slime:5)
  A shambling mangrove (Zig:2)
  A fire dragon (Depths:2)
  5 ice dragons
  Erolcha (Orc:2)
  3 rakshasas
  A spriggan air mage (Depths:3)
  11 hydras
  2 merfolk avatars
  8 vault guards
  3 ogre magi (Orc:2)
  3 boulder beetles
  4 ironbound frosthearts (IceCv)
  A deep troll shaman (Depths:2)
  7 satyrs
  4 deep troll earth magi (Depths:2)
  8 centaur warriors
  4 two-headed ogres
  A two-headed ogre (shapeshifter) (Depths:4)
  5 tengu warriors
  4 spriggan berserkers
  7 merfolk aquamancers
  2 alligator snapping turtles
  Nergalle (Lair:1)
  A spectral death yak (Lair:6)
  A pharaoh ant (Lair:3)
  5 iron trolls
  A steelbarb worm (Lair:3)
  3 deep trolls
  7 sea snakes
  A spectral anaconda (Lair:6)
  2 obsidian statues
  A flayed ghost (Depths:2)
  An orange crystal statue (IceCv)
  4 necromancers (Lair:6)
  An orc knight (D:10)
  9 cyclopes
  24 harpies
  2 deep elf pyromancers
  27 fauns
  6 orc sorcerers (Orc:2)
  10 manticores
  2 wolf spiders (Lair:3)
  7 shining eyes
  A will-o-the-wisp (Zig:2)
  20 elephants
  A moth of wrath (shapeshifter) (D:15)
  37 ugly things
  9 merfolk sirens
  3 centaur zombies
  A vault sentinel (Vaults:1)
  7 black mambas
  2 torpor snails
  An eye of devastation (Slime:1)
  6 water nymphs
  A gargoyle (D:14)
  3 unseen horrors
  A yaktaur zombie (Vaults:1)
  22 cane toads
  2 efreet
  A kobold demonologist (D:9)
  5 komodo dragons
  17 rime drakes
  3 tengu conjurers
  A demonic crawler (Lair:3)
  A freezing wraith (D:15)
  33 merfolk
  A human skeleton (Vaults:1)
  6 meliai
  11 trolls
  2 hornets (Zig:2)
  5 wind drakes
  24 polar bears
  3 tarantellas
  21 blink frogs
  24 slime creatures
  12 dream sheep
  4 snapping turtles
  A meliai zombie (D:10)
  4 culicivoras (Lair:3)
  3 jumping spiders
  Sigmund (D:4)
  12 wyverns
  2 shadows (D:9)
  2 wraiths
  A vampire (D:11)
  6 water elementals
  35 yaks
  2 steam dragons (D:9)
  11 basilisks
  Grum (Lair:1)
  A fire elemental (Orc:2)
  A death yak simulacrum (Lair:6)
  A redback (Lair:3)
  A vampire mosquito (D:10)
  A spectral cane toad (Lair:6)
  5 wargs
  16 water moccasins
  3 hell hounds (Orc:2)
  An acid dragon (D:11)
  4 black bears
  An elephant zombie (Lair:6)
  A hornet zombie (D:9)
  2 ice beasts
  A necrophage (D:6)
  13 orc warriors
  6 centaurs
  4 ogres
  24 wolves
  2 phantoms (D:5)
  6 kobold brigands
  11 bullfrogs
  2 wyvern zombies
  3 cane toad simulacra (Lair:6)
  A killer bee (D:9)
  An elephant simulacrum (Lair:6)
  10 wights
  An electric eel (Lair:4)
  3 howler monkeys
  2 hounds
  4 jellies
  2 bullfrog skeletons
  12 orc priests
  2 gnoll shamans
  44 orc wizards
  An iguana (D:5)
  6 hell rats (Lair:4)
  A killer bee zombie (D:8)
  A howler monkey skeleton (D:6)
  5 adders
  13 gnolls
  11 river rats (D:6)
  A shadow imp (D:8)
  2 white imps
  4 worms
  A dart slug (D:3)
  66 orcs
  8 endoplasms
  A giant cockroach (D:3)
  11 goblins
  10 hobgoblins
  17 quokkas
  4 ball pythons
  7 bats
  6 frilled lizards
  20 kobolds
  A quokka skeleton (D:4)
  22 rats
  A bush (Shoals:3)
  A fire vortex (Depths:3)
  9 tentacles
1084 creatures vanquished.

Vanquished Creatures (collateral kills)
  A shard shrike (IceCv)
  2 acid blobs (Slime:5)
  A stone giant (Depths:2)
  An ironbound frostheart (IceCv)
  A shining eye (Slime:5)
  3 slime creatures (Slime:5)
9 creatures vanquished.

Vanquished Creatures (others)
  An acid blob (Depths:2)
  2 spark wasps (Depths:4)
  An entropy weaver (Vaults:1)
  A yaktaur captain (Vaults:1)
  5 great orbs of eyes
  2 centaur warriors (Vaults:1)
  2 glowing orange brains
  A sea snake (shapeshifter) (Depths:1)
  A deep troll (Depths:2)
  A harpy (Vaults:1)
  A necromancer (Vaults:1)
  An ugly thing (Depths:2)
  A merfolk siren (Shoals:1)
  A tengu conjurer (D:15)
  3 meliai (D:15)
  16 slime creatures
  A wraith (D:12)
  A redback (Vaults:1)
  A human simulacrum (Vaults:1)
  A water moccasin (Lair:6)
  A human zombie (Vaults:1)
  90 jellies
  An orc (Orc:2)
  2 bushes (Depths:4)
  A butterfly (Lair:6)
  27 fungi
  334 plants
  29 tentacles
  15 withered plants (Lair:6)
544 creatures vanquished.

Grand Total: 1637 creatures vanquished

Notes
Turn   | Place    | Note
-------+----------+-------------------------------------------
     0 | D:1      | RighteousDevil the Troll Monk began the quest for the Orb.
     0 | D:1      | Reached XP level 1. HP: 22/22 MP: 0/0
   315 | D:1      | Reached XP level 2. HP: 29/29 MP: 1/1
   819 | D:2      | You fall into a shaft and drop 1 floor!
   864 | D:3      | Reached skill level 4 in Unarmed Combat
   873 | D:3      | Reached XP level 3. HP: 13/36 MP: 2/2
   878 | D:3      | Gained mutation: You are partially covered in iridescent
                  | scales. (AC +2) [potion of mutation]
   878 | D:3      | Gained mutation: A frigid envelope surrounds you and
                  | freezes all who hurt you. [potion of mutation]
   879 | D:3      | Reached skill level 5 in Unarmed Combat
   879 | D:3      | Reached XP level 4. HP: 7/44 MP: 3/3
  1128 | D:3      | Reached XP level 5. HP: 50/50 MP: 4/4
  1447 | D:2      | Found a faded altar of an unknown god.
  1504 | D:2      | Reached skill level 6 in Unarmed Combat
  1633 | D:2      | Found a runed translucent door.
  1634 | D:2      | Noticed Crazy Yiuf
  2176 | D:4      | Reached XP level 6. HP: 59/59 MP: 5/5
  2177 | D:4      | Noticed Sigmund
  2181 | D:4      | Reached skill level 7 in Unarmed Combat
  2305 | D:4      | Killed Sigmund
  2306 | D:4      | Reached skill level 8 in Unarmed Combat
  2306 | D:4      | Reached XP level 7. HP: 66/66 MP: 6/6
  2627 | D:5      | Entered Level 5 of the Dungeon
  2837 | D:5      | Found a stormy altar of Qazlal.
  3235 | D:6      | Reached skill level 9 in Unarmed Combat
  3235 | D:6      | Reached XP level 8. HP: 71/78 MP: 7/7
  3257 | D:6      | Noticed a troll
  3282 | D:5      | Killed a troll
  3427 | D:6      | Reached skill level 5 in Fighting
  3441 | D:6      | Reached skill level 10 in Unarmed Combat
  3748 | D:6      | Reached XP level 9. HP: 85/89 MP: 8/8
  3770 | D:6      | Found Wuto's Weapon Shoppe.
  4666 | D:7      | Found a staircase to the Ecumenical Temple.
  4952 | D:7      | Found Xotiuna's General Store.
  4955 | D:7      | Bought a potion of curing for 45 gold pieces
  5032 | D:8      | Reached skill level 11 in Unarmed Combat
  5754 | D:9      | Noticed a troll
  5758 | D:9      | Killed a troll
  5759 | D:9      | Reached XP level 10. HP: 104/104 MP: 9/9
  5766 | D:9      | Reached skill level 12 in Unarmed Combat
  5773 | D:9      | Noticed a two-headed ogre
  5783 | D:9      | Killed a two-headed ogre
  6376 | D:9      | Reached skill level 13 in Unarmed Combat
  6549 | D:9      | Noticed a two-headed ogre
  6560 | D:9      | Killed a two-headed ogre
  6561 | D:9      | Reached XP level 11. HP: 76/115 MP: 10/10
  7020 | D:10     | Entered Level 10 of the Dungeon
  7085 | D:10     | Noticed a two-headed ogre
  7093 | D:10     | Killed a two-headed ogre
  7153 | D:10     | Reached skill level 10 in Fighting
  7263 | D:10     | Found a staircase to the Lair.
  7308 | D:10     | Reached skill level 14 in Unarmed Combat
  7510 | D:10     | Noticed a centaur warrior
  7522 | D:10     | Killed a centaur warrior
  7624 | D:10     | Found a staircase to the Orcish Mines.
  7916 | Orc:1    | Entered Level 1 of the Orcish Mines
  7937 | Orc:1    | Noticed an orc knight
  7943 | Orc:1    | Reached skill level 1 in Evocations
  8036 | D:10     | Killed an orc knight
  8206 | Orc:1    | Found Erchal's Book Boutique.
  8435 | Orc:2    | Entered Level 2 of the Orcish Mines
  8601 | Orc:2    | Found a staircase to the Elven Halls.
  8653 | Orc:2    | Noticed Azrael
  8679 | Orc:2    | Killed Azrael
  8680 | Orc:2    | Reached XP level 12. HP: 72/127 MP: 11/11
  9054 | Orc:2    | Noticed an ogre mage
  9076 | Orc:2    | Paralysed by something for 2 turns
  9083 | Orc:2    | Killed an ogre mage
  9138 | Orc:2    | Found Varghy's Distillery.
  9166 | Orc:2    | Found an ancient bone altar of Kikubaaqudgha.
  9206 | Orc:2    | Reached skill level 15 in Unarmed Combat
  9237 | Orc:2    | Noticed an ogre mage
  9251 | Orc:2    | Reached skill level 5 in Evocations
  9259 | Orc:2    | Killed an ogre mage
  9305 | Orc:2    | Noticed an ogre mage
  9308 | Orc:2    | Noticed Erolcha
  9314 | Orc:2    | Found a radiant altar of Vehumet.
  9319 | Orc:2    | Killed an ogre mage
  9340 | Orc:2    | Killed Erolcha
  9511 | Orc:2    | Found Gucues's Antique Weapon Emporium.
  9536 | Orc:2    | Found Zeewkiu's Book Shoppe.
  9544 | Orc:2    | Found Inimufiq's Antique Armour Emporium.
  9592 | Orc:2    | Bought a manual of Evocations for 800 gold pieces
  9866 | Orc:2    | Bought a potion of heal wounds for 80 gold pieces
  9866 | Orc:2    | Bought a potion of ambrosia for 128 gold pieces
 11006 | Lair:1   | Entered Level 1 of the Lair of Beasts
 11030 | Lair:1   | Noticed Nergalle
 11037 | Lair:1   | Killed Nergalle
 11302 | Lair:1   | Identified the +1 robe of Impressiveness {rPois}
 11839 | Lair:1   | Reached XP level 13. HP: 115/135 MP: 12/12
 11893 | Lair:1   | Noticed Grum
 11901 | Lair:1   | Killed Grum
 12344 | Lair:1   | Reached XP level 14. HP: 144/144 MP: 13/13
 12409 | Lair:2   | Reached skill level 16 in Unarmed Combat
 12589 | Lair:2   | Reached skill level 10 in Evocations
 13340 | Lair:3   | Found a hole to the Spider Nest.
 14198 | Lair:4   | Noticed Nessos
 14205 | Lair:4   | Killed Nessos
 14277 | Lair:4   | Reached skill level 1 in Armour
 14288 | Lair:4   | Found a transporter.
 14295 | Lair:4   | Found a bloodstained altar of Trog.
 14297 | Lair:4   | Noticed Lutiheq's ghost (journeyman DrTm)
 14305 | Lair:4   | Found a transporter.
 14712 | Lair:4   | Found a staircase to the Shoals.
 15654 | Lair:5   | Reached skill level 17 in Unarmed Combat
 16068 | Lair:6   | Entered Level 6 of the Lair of Beasts
 16201 | Lair:6   | Reached XP level 15. HP: 149/152 MP: 14/14
 16237 | Lair:6   | Reached skill level 5 in Dodging
 16240 | Lair:6   | Found a staircase to the Slime Pits.
 16452 | Lair:6   | Found a runed translucent gate.
 16462 | Slime:1  | Entered Level 1 of the Pits of Slime
 16462 | Slime:1  | Noticed an acid blob
 16511 | Lair:6   | Reached skill level 5 in Armour
 16647 | Lair:6   | Found a runed translucent gate.
 16647 | Lair:6   | Found a runed translucent gate.
 16828 | Lair:6   | Noticed Beepinex's ghost (journeyman DsBe)
 17110 | Lair:6   | Found the +8 frozen axe "Frostbite" {freezing cloud, *Noise
                  | Fly rC+}
 17698 | Slime:1  | Noticed a rockslime
 17711 | Lair:6   | Gained mutation: You sometimes lose the ability to read
                  | scrolls when taking damage. [a shining eye]
 17754 | Lair:6   | Killed a rockslime
 17802 | Slime:1  | Killed an acid blob
 17803 | Slime:1  | Reached skill level 18 in Unarmed Combat
 17922 | Slime:2  | Noticed an acid blob
 17928 | Slime:1  | Noticed a rockslime
 17938 | Slime:1  | Noticed an acid blob
 17950 | Slime:1  | Killed an acid blob
 18123 | Slime:1  | Noticed an azure jelly
 18127 | Slime:1  | Killed a rockslime
 18200 | Slime:1  | Killed an azure jelly
 18769 | Slime:4  | Noticed an azure jelly
 18774 | Slime:4  | Noticed an acid blob
 18774 | Slime:4  | Noticed an acid blob
 18781 | Slime:5  | Entered Level 5 of the Pits of Slime
 18789 | Slime:5  | Killed an acid blob
 18880 | Slime:5  | Gained mutation: You are clumsy. (Dex -2) [a shining eye]
 18904 | Slime:5  | Noticed an azure jelly
 19012 | Slime:5  | Gained mutation: Armour fits poorly on your strangely
                  | shaped body. [a shining eye]
 19020 | Slime:5  | Noticed an acid blob
 19022 | Slime:5  | Noticed an acid blob
 19032 | Slime:5  | Killed an acid blob
 19037 | Slime:5  | Killed an acid blob
 19046 | Slime:5  | Gained mutation: You are weak. (Str -2) [a shining eye]
 19049 | Slime:5  | Gained mutation: You have hidden genetic defects. [a
                  | shining eye]
 19052 | Slime:5  | Gained mutation: Your body sometimes deteriorates upon
                  | taking damage. [a shining eye]
 19053 | Slime:5  | Gained mutation: Your magical capacity is low. (-10% MP) [a
                  | shining eye]
 19054 | Slime:5  | Lost mutation: You are weak. (Str -2) [a shining eye]
 19056 | Slime:5  | Gained mutation: You are very clumsy. (Dex -4) [a shining
                  | eye]
 19058 | Slime:5  | Gained mutation: Your spells are a little easier to cast,
                  | but a little less powerful. [a shining eye]
 19059 | Slime:5  | Reached XP level 16. HP: 65/159 MP: 13/13
 19067 | Slime:5  | Gained mutation: You are frail. (-10% HP) [a shining eye]
 19069 | Slime:5  | Gained mutation: Your magical capacity is very low. (-20%
                  | MP) [a shining eye]
 19164 | Slime:5  | Found a viscous altar of Jiyva.
 19166 | Slime:5  | Noticed an acid blob
 19169 | Slime:5  | Noticed an acid blob
 19169 | Slime:5  | Found the ring of the Mage {Wiz Archmagi}
 19171 | Slime:5  | Became a worshipper of Jiyva Jokkuz the Shapeless
 19171 | Slime:5  | Reached * piety under Jiyva
 19171 | Slime:5  | Reached ** piety under Jiyva
 19171 | Slime:5  | Noticed an acid blob
 19187 | Slime:5  | Lost mutation: Your spells are a little easier to cast, but
                  | a little less powerful. [potion of mutation]
 19187 | Slime:5  | Lost mutation: You sometimes lose the ability to read
                  | scrolls when taking damage. [potion of mutation]
 19187 | Slime:5  | Lost mutation: You have hidden genetic defects. [potion of
                  | mutation]
 19288 | Slime:5  | Noticed the Royal Jelly
 19354 | Slime:5  | Noticed an acid blob
 19636 | Slime:1  | Noticed an acid blob
 19819 | Slime:2  | Noticed an acid blob
 20339 | D:12     | Lost mutation: You are partially covered in iridescent
                  | scales. (AC +2) [potion of mutation]
 20339 | D:12     | Lost mutation: Your body sometimes deteriorates upon taking
                  | damage. [potion of mutation]
 20339 | D:12     | Lost mutation: Your magical capacity is very low. (-20% MP)
                  | [potion of mutation]
 20339 | D:12     | Lost mutation: Your magical capacity is low. (-10% MP)
                  | [potion of mutation]
 20542 | D:12     | Reached *** piety under Jiyva
 20943 | D:13     | Lost mutation: You are very clumsy. (Dex -4) [Jiyva's
                  | grace]
 20943 | D:13     | Lost mutation: You are frail. (-10% HP) [Jiyva's grace]
 20943 | D:13     | Gained mutation: You have a small jelly attached to you
                  | that senses nearby items. [Jiyva's grace]
 20943 | D:13     | Gained mutation: You have acidic saliva. [Jiyva's grace]
 20943 | D:13     | Gained mutation: Your body has grown eyes which may confuse
                  | attackers. (Acc +3) [Jiyva's grace]
 20943 | D:13     | Gained mutation: Your body has grown many eyes which may
                  | confuse attackers. (Acc +5) [Jiyva's grace]
 21211 | D:13     | Reached **** piety under Jiyva
 21211 | D:13     | Found a gate to the Vaults.
 21738 | D:14     | Reached skill level 19 in Unarmed Combat
 21920 | D:14     | Found a shimmering altar of Xom.
 22010 | D:14     | Found a shimmering altar of Xom.
 22011 | D:14     | Found a shimmering altar of Xom.
 22013 | D:14     | Found a shimmering altar of Xom.
 22105 | D:15     | Entered Level 15 of the Dungeon
 22186 | D:15     | Found a staircase to the Depths.
 22913 | Shoals:1 | Entered Level 1 of the Shoals
 22913 | Shoals:1 | Reached ***** piety under Jiyva
 22937 | Shoals:1 | Found Wascheywn's Weapon Emporium.
 23032 | Shoals:1 | Lost mutation: You are clumsy. (Dex -2) [Jiyva's grace]
 23032 | Shoals:1 | Lost mutation: Armour fits poorly on your strangely shaped
                  | body. [Jiyva's grace]
 23032 | Shoals:1 | Lost mutation: Your body has grown many eyes which may
                  | confuse attackers. (Acc +5) [Jiyva's grace]
 23032 | Shoals:1 | Gained mutation: Your system is resistant to poisons.
                  | (rPois) [Jiyva's grace]
 23032 | Shoals:1 | Gained mutation: Your mind is acute. (Int +2) [Jiyva's
                  | grace]
 23032 | Shoals:1 | Gained mutation: Your mind is very acute. (Int +4) [Jiyva's
                  | grace]
 23032 | Shoals:1 | Gained mutation: You have sharp toenails. [Jiyva's grace]
 23201 | Shoals:1 | Reached skill level 10 in Dodging
 23344 | Shoals:1 | Noticed a kraken
 23355 | Shoals:1 | Killed a kraken
 23516 | Shoals:1 | Noticed a kraken
 23529 | Shoals:1 | Killed a kraken
 23562 | Shoals:1 | Noticed a kraken
 23581 | Shoals:1 | Killed a kraken
 23591 | Shoals:1 | Found a runed translucent door.
 23612 | Shoals:1 | Noticed a kraken
 23625 | Shoals:1 | Killed a kraken
 23647 | Shoals:1 | Reached XP level 17. HP: 83/167 MP: 13/16
 23650 | Shoals:1 | Reached skill level 20 in Unarmed Combat
 24078 | Shoals:2 | Identified the +0 cloak of Love and Death {Int+4}
 24810 | Shoals:3 | Lost mutation: Your mind is very acute. (Int +4) [Jiyva's
                  | grace]
 24810 | Shoals:3 | Lost mutation: Your system is resistant to poisons. (rPois)
                  | [Jiyva's grace]
 24810 | Shoals:3 | Gained mutation: You possess an exceptional clarity of
                  | mind. [Jiyva's grace]
 24810 | Shoals:3 | Gained mutation: You passively dampen the noise of your
                  | surroundings. [Jiyva's grace]
 24810 | Shoals:3 | Gained mutation: You are covered in slimy tendrils that may
                  | disarm your opponents. [Jiyva's grace]
 24810 | Shoals:3 | Gained mutation: Your melee attacks may engulf your foes in
                  | ooze. [Jiyva's grace]
 24811 | Shoals:3 | Identified the +1 great sword of Debt {vorpal, Will+}
 25155 | Shoals:3 | Found a frozen archway.
 25161 | IceCv    | Entered an ice cave
 25324 | IceCv    | Reached ****** piety under Jiyva
 25358 | IceCv    | Reached skill level 21 in Unarmed Combat
 25679 | IceCv    | Identified the ring "Lofivuf" {Ice Dex+7}
 25688 | IceCv    | Noticed a shard shrike
 25701 | IceCv    | Killed a shard shrike
 25769 | IceCv    | Identified the +3 broad axe "Gram" {venom, Stlth+}
 26160 | Shoals:4 | Entered Level 4 of the Shoals
 26190 | Shoals:4 | Found Rovuragg's Armour Emporium.
 26320 | Shoals:4 | Reached XP level 18. HP: 176/176 MP: 17/17
 26655 | Shoals:4 | Got a barnacled rune of Zot
 27178 | Slime:5  | Identified the +7 quarterstaff of Tiluzosm {distort, Int+2
                  | Stlth+}
 27225 | Slime:5  | Got a slimy rune of Zot
 27283 | Slime:5  | Learned a level 2 spell: Blink
 27425 | Spider:1 | Entered Level 1 of the Spider Nest
 27427 | Spider:1 | Noticed Donald
 27447 | Spider:1 | Noticed Louise
 27484 | Lair:3   | Reached skill level 22 in Unarmed Combat
 27484 | Lair:3   | Reached skill level 1 in Translocations
 27727 | Vaults:1 | Entered Level 1 of the Vaults
 27744 | Vaults:1 | Reached skill level 1 in Spellcasting
 27978 | Vaults:1 | Lost mutation: You have a small jelly attached to you that
                  | senses nearby items. [potion of mutation]
 27978 | Vaults:1 | Lost mutation: Your melee attacks may engulf your foes in
                  | ooze. [potion of mutation]
 27978 | Vaults:1 | Lost mutation: You passively dampen the noise of your
                  | surroundings. [potion of mutation]
 28205 | Depths:1 | Entered Level 1 of the Depths
 28409 | Depths:1 | Found Ilakhlapt's Specific Store.
 28412 | Depths:1 | Found Nixkek's General Store.
 28493 | Depths:1 | Lost mutation: You possess an exceptional clarity of mind.
                  | [Jiyva's grace]
 28493 | Depths:1 | Lost mutation: A frigid envelope surrounds you and freezes
                  | all who hurt you. [Jiyva's grace]
 28493 | Depths:1 | Lost mutation: Your body has grown eyes which may confuse
                  | attackers. (Acc +3) [Jiyva's grace]
 28493 | Depths:1 | Gained mutation: You have very sharp teeth. [Jiyva's grace]
 28493 | Depths:1 | Gained mutation: You have extremely sharp teeth. [Jiyva's
                  | grace]
 28493 | Depths:1 | Gained mutation: You have razor-sharp teeth. [Jiyva's
                  | grace]
 28493 | Depths:1 | Gained mutation: Your flesh is heat resistant. (rF+)
                  | [Jiyva's grace]
 28518 | Depths:1 | Found a white marble altar of Elyvilon.
 28641 | Depths:1 | Found a gateway to Hell.
 28864 | Depths:1 | Found a transporter.
 28867 | Depths:1 | Noticed xzight's ghost (legendary MiBe)
 28867 | Depths:1 | Noticed a lich
 29093 | Depths:1 | Found a one-way gateway to a ziggurat.
 29232 | Depths:1 | Noticed an ancient lich
 29295 | Zig:1    | Entered Level 1 of a ziggurat
 29322 | Zig:2    | Entered Level 2 of a ziggurat
 29345 | Zig:2    | Identified the +7 broad axe of Abomination {pain, Dex+4}
 29354 | Zig:3    | Entered Level 3 of a ziggurat
 29357 | Zig:3    | Noticed Xeurch the pandemonium lord
 29465 | Depths:2 | Found a glowing silver altar of Zin.
 29473 | Depths:2 | Noticed a lich
 29474 | Depths:2 | Found Vabep's Antique Armour Shoppe.
 29492 | Depths:2 | Killed a lich
 29502 | Depths:2 | Found a one-way gate leading to the halls of Pandemonium.
 29738 | Depths:2 | Reached skill level 5 in Translocations
 29900 | Depths:2 | HP: 4/176 [frost giant/bolt of cold (25)]
 30086 | Depths:2 | Paralysed by a vampire knight for 2 turns
 30112 | Depths:2 | Reached XP level 19. HP: 184/184 MP: 25/25
 30252 | Depths:2 | Reached skill level 5 in Spellcasting
 30417 | Depths:2 | Noticed Sojobo
 30464 | Depths:2 | Paralysed by an air elemental for 1 turns
 30465 | Depths:2 | Killed Sojobo
 30658 | Depths:2 | Identified the ring of Ascent {rF+ Int+6}
 30966 | Depths:3 | Found a one-way gate to the infinite horrors of the Abyss.
 31019 | Depths:3 | Lost mutation: You have razor-sharp teeth. [Jiyva's grace]
 31019 | Depths:3 | Lost mutation: Your flesh is heat resistant. (rF+) [Jiyva's
                  | grace]
 31019 | Depths:3 | Lost mutation: You have acidic saliva. [Jiyva's grace]
 31019 | Depths:3 | Gained mutation: You are robust. (+10% HP) [Jiyva's grace]
 31019 | Depths:3 | Gained mutation: You are very robust. (+20% HP) [Jiyva's
                  | grace]
 31019 | Depths:3 | Gained mutation: You are extremely robust. (+30% HP)
                  | [Jiyva's grace]
 31019 | Depths:3 | Gained mutation: You are strong-willed. (Will+) [Jiyva's
                  | grace]
 31102 | Depths:3 | You fall into a shaft and drop 1 floor!
 31102 | Depths:4 | Entered Level 4 of the Depths
 31102 | Depths:4 | Noticed Boris
 31104 | Depths:4 | Noticed a golden dragon
 31108 | Depths:4 | Noticed a bone dragon
 31109 | Depths:4 | Noticed Mennas
 31174 | Depths:4 | Identified a scroll of acquirement
 31175 | Depths:4 | Acquired 735 gold pieces
 31191 | Depths:4 | Found a sacrificial altar of Ru.
 31205 | Depths:4 | Noticed Saint Roka
 31244 | Depths:4 | Mangled by a spark wasp

Illustrated notes

Levels and vault maps discovered:
D:1:      dpeg_arrival_leaves_temple_mockup, layout_loops_ring,
          minmay_misc_feat_x, hex_medium
D:2:      layout_loops_ring, basic_ecumenical_altar, uniq_crazy_yiuf_cottage
D:3:      layout_basic
D:4:      layout_rooms, uniq_sigmund
D:5:      layout_rooms, lemuel_tele_altar, grunt_ministairs_11
D:6:      lemuel_ratsnest, layout_cave_pools, serial_shops, shop, sigmund_army
D:7:      layout_loops_ring, minmay_temple_entry_waves, serial_shops,
          kennysheep_mini_moat, st_stairs_2
D:8:      layout_loops_ring, serial_glass, glass_columns_a, glass_columns_a,
          minmay_crystal_water
D:9:      minmay_imperfect_grid, layout_basic, interstate_on_off
D:10:     layout_stronghold, grunt_lair_entry_orc_guard_hut, orc_0_dummy,
          minmay_fractal_squares_diagonal_5
D:11:     layout_basic
D:12:     layout_gridville
D:13:     layout_loops_ring, erik_vaults_2
D:14:     layout_big_octagon, minmay_misc_feat_hallway, xom_redecorated
D:15:     hangedman_depths_entry_try_elsewhere_first, layout_cave_pools,
          corexii_hall_statues_deadend, serial_bayou_crossing
Lair:1:   layout_layer_cave, uniq_nergalle, uniq_grum
Lair:2:   layout_concentric_octagons, grunt_megastairs_2
Lair:3:   layout_long_grid, hellmonk_spider_entry_life_and_decay,
          cheibrodos_lair_reptile_den
Lair:4:   layout_roguey, elwin_shoals_entry_rooms, special_room
          [special_room_mythical_zoo], gammafunk_ghost_wrathful_warriors,
          uniq_nessos
Lair:5:   layout_hall_layers
Lair:6:   due_jungle_book, layout_misc_corridors,
          nicolae_slime_entry_slimehenge, gammafunk_ghost_icy,
          lemuel_fruit_fields
Shoals:1: nicolae_shoals_lighthouse, layout_shoals, serial_shops,
          shop_fountains, dpeg_stationary_puzzle
Shoals:2: layout_shoals
Shoals:3: cheibrodos_shoals_satyrical_garden, layout_shoals,
          portal_ice_cave_entry_pillars_four
Shoals:4: shoals_end_grunt_garden, layout_shoals, serial_shops,
          nicolae_shop_statue_plus
Spider:1: layout_spider_delve, uniq_louise, uniq_donald, uniq_frances
Slime:1:  layout_caves
Slime:2:  layout_caves, nicolae_slime_phagocytosis
Slime:3:  cheibrodos_slime_lost_civilization_3, layout_caves, basic_altar
Slime:4:  layout_caves
Slime:5
Orc:1:    layout_diamond_mine, serial_shops, shop
Orc:2:    kennysheep_orc_mage_school, layout_caves, basic_altar, uniq_azrael
Vaults:1: hangedman_vaults_stagger, grunt_vaults_swirl, vaults_dpeg_doors,
          v_pattern_4, hangedman_vaults_hat, serial_ice_h, v_alt_pattern_2,
          vaults_dpeg_spiral, ontoclasm_vaults_loading_screen,
          vaults_room_door_hall, nicolae_vaults_display_case,
          layout_vaults_maze_bifur
Depths:1: layout_honeycomb, enter_ziggurat_e, grunt_hell_entry_dis_grunt,
          gammafunk_ghost_mausoleum, nicolae_specific_store, elyvilon_altar_1
Depths:2: minmay_concentric_multi, layout_honeycomb, zin_angel, pan_entry,
          serial_shops, shop, pf_vacation_house_of_asmodeus,
          minmay_misc_feat_more_columns, infiniplex_staircase_trident,
          uniq_sojobo
Depths:3: minmay_octo_star, layout_cave_pools, abyss_entry, grunt_metal_band
Depths:4: grunt_zot_entry_gee_three, layout_basic, serial_curves,
          eino_curves_04, eino_curves_04, eino_curves_01, hell_entry,
          nicolae_ru_awakened_eye, minmay_shop_grove, uniq_mennas, uniq_boris,
          uniq_saint_roka

Skill      XL: |  1  2  3  4  5  6  7  8  9 10 11 12 13 14 15 16 17 18 19 |
---------------+----------------------------------------------------------+-----
Unarmed Combat | 4 5 6 8 9 10 11 13 14 15 17 18 19 21 22 | 22.0
Fighting       | 4 5 7 9 10 | 10.5
Evocations     | 3 9 12 | 12.0
Maces & Flails | 6 |  6.2
Armour         | 4 7 8 |  8.0
Dodging        | 4 7 10 12 13 | 13.0
Translocations | 5 7 |  7.6
Spellcasting   | 4 6 |  6.3
Stealth        | |  1.0

Action                   |  1- 3 |  4- 6 |  7- 9 | 10-12 | 13-15 | 16-18 | 19-21 || total
-------------------------+-------+-------+-------+-------+-------+-------+-------++-------
Melee: Unarmed           |    49 |    89 |   258 |   452 |   777 |  1247 |   211 ||  3083
       Punch             |     1 |     1 |     9 |    38 |   118 |   215 |    39 ||   421
       Morningstar       |       |       |       |       |    13 |    10 |       ||    23
       Kick              |       |       |       |       |       |   423 |    87 ||   510
       Bite              |       |       |       |       |       |   191 |    30 ||   221
Throw: Javelin           |       |       |       |    11 |     8 |       |       ||    19
       Throwing net      |       |       |       |     2 |       |       |       ||     2
 Cast: Blink             |       |       |       |       |       |       |     1 ||     1
Invok: Oozemancy         |       |       |       |       |       |     3 |     1 ||     4
       Slimify           |       |       |       |       |       |     1 |       ||     1
Evoke: Wand              |       |       |       |     1 |     6 |    16 |     4 ||    27
       Phantom mirror    |       |       |       |       |       |     1 |     2 ||     3
       Condenser vane    |       |       |       |       |       |       |     2 ||     2
  Use: Potion            |     1 |       |       |     2 |     6 |    17 |     9 ||    35
       Scroll            |       |       |    10 |    12 |     7 |    15 |     5 ||    49
 Stab: Sleeping          |     1 |     4 |     2 |     5 |     2 |       |       ||    14
       Paralysed         |       |       |       |     1 |       |       |       ||     1
       Distracted        |       |       |       |       |     2 |     1 |     1 ||     4
       Confused          |       |       |       |       |       |    11 |       ||    11
       Invisible         |       |       |       |       |       |     1 |       ||     1
Armor: Robe              |    15 |    18 |    15 |       |       |       |       ||    48
       Troll leather arm |       |       |    61 |   183 |       |       |       ||   244
       Acid dragon scale |       |       |       |    20 |   293 |   433 |    72 ||   818
Dodge: Dodged            |    15 |    60 |   126 |   291 |   542 |  1187 |   169 ||  2390
